 Dungeon Crawl Stone Soup version 0.21.0-3-g78d12a8 (webtiles) character file.

395 Ignatius881 the Conjurer (level 6, -1/32 HPs)
             Began as a Deep Elf Conjurer on Jan 9, 2018.
             Slain by an adder (3 damage)
             ... on level 5 of the Dungeon.
             The game lasted 00:13:39 (4144 turns).

Ignatius881 the Conjurer (Deep Elf Conjurer)        Turns: 4144, Time: 00:13:40

Health: -1/32      AC:  3    Str:  5    XL:     6   Next: 52%
Magic:  2/15       EV: 15    Int: 22    God:
Gold:   162        SH:  0    Dex: 15    Spells: 4/15 levels left

rFire    . . .     SeeInvis .   h - +0 dagger
rCold    . . .     Gourm    .   (no shield)
rNeg     . . .     Faith    .   a - +0 robe
rPois    .         Spirit   .   i - +0 helmet
rElec    .         Reflect  .   (no cloak)
rCorr    .         Harm     .   (no gloves)
MR       .....                  (no boots)
Stlth    ++........             (no amulet)
HPRegen  0.10/turn              u - ring of wizardry
MPRegen  0.14/turn              (no ring)

@: no status effects
A: no striking features
a: no special abilities


You were on level 5 of the Dungeon.
You were not hungry.

You visited 1 branch of the dungeon, and saw 5 of its levels.

You collected 162 gold pieces.

Inventory:

Hand Weapons
 h - a +0 dagger (weapon)
   (You took it off a goblin on level 2 of the Dungeon)
Missiles
 d - 62 stones (quivered)
Armour
 a - a +0 robe (worn)
 i - a +0 helmet (worn)
   (You found it on level 2 of the Dungeon)
Jewellery
 u - a ring of wizardry (left hand)
   (You found it on level 4 of the Dungeon)
Wands
 t - a wand of flame (21)
   (You found it on level 3 of the Dungeon)
Scrolls
 f - 2 scrolls of blinking
 j - a scroll of noise {unknown}
 l - a scroll of enchant weapon {unknown}
 m - a scroll of immolation {unknown}
 n - a scroll of teleportation {unknown}
 o - a scroll of amnesia {unknown}
 p - a scroll of remove curse {unknown}
 q - 2 scrolls of identify {@r1}
 s - a scroll of fog {unknown}
 v - a scroll of magic mapping {unknown}
Potions
 g - 2 potions of curing {@q1}
 k - 2 potions of haste {unknown}
Books
 b - a book of Cantrips
   (You found it on level 2 of the Dungeon)
 e - a book of Conjurations
Comestibles
 c - 2 rations


   Skills:
 + Level 4.7 Dodging
 - Level 2.4 Stealth
 + Level 5.2 Spellcasting
 * Level 6.9 Conjurations


You had 4 spell levels left.
You knew the following spells:

 Your Spells              Type           Power        Failure   Level  Hunger
a - Magic Dart            Conj           ####         1%          1    None
b - Searing Ray           Conj           #####.       1%          2    None
c - Iskenderun's Mystic   Conj           #####...     2%          4    ####...
d - Fulminant Prism       Conj/Hex       ###.......   10%         4    ####...


Dungeon Overview and Level Annotations

Branches:
Dungeon (5/15)
 Temple: D:4-7

Altars:
Makhleb
Ru
Trog
The Shining One

Annotations:
D:4 Eustachio, Pikel


Message History

The hound completely misses you.
Aim: a hound (severely wounded)
The magic dart hits the hound.
The hound barely misses you.
The adder misses you. x2; The hound bites you.
Aim: a hound (almost dead)
The magic dart hits the hound.
The hound bites you.
* * * LOW HITPOINT WARNING * * *
The adder barely misses you.
Aim: a hound (almost dead)
The magic dart hits the hound.
You kill the hound!
The adder bites you but does no damage.
Aim: an adder The searing ray misses the adder.
The searing ray hits the plant. (Press . to maintain the ray.)
The adder bites you.
* * * LOW HITPOINT WARNING * * *
The searing ray hits the adder.
The adder closely misses you. The adder bites you.
* * * LOW HITPOINT WARNING * * *
Without enough magic to sustain it, your searing ray dissipates.
The adder bites you.
* * * LOW HITPOINT WARNING * * *
You don't have enough magic to cast that spell.
You don't have enough magic to cast that spell.
You closely miss the adder. The adder completely misses you.
You completely miss the adder. The adder bites you but does no damage.
The adder bites you.
* * * LOW HITPOINT WARNING * * *
You barely miss the adder. The adder closely misses you.
You completely miss the adder. The adder completely misses you.
You barely miss the adder. The adder closely misses you. x2
You hit the adder but do no damage. The adder closely misses you.
You miss the adder. The adder barely misses you.
A hound comes into view.
You barely miss the adder.
The hound barks!
The adder completely misses you.
You hit the adder but do no damage. The adder misses you. x2
You hit the adder. The adder closely misses you. The hound bites you.
* * * LOW HITPOINT WARNING * * *
You hit the adder. The hound closely misses you. The adder bites you.
* * * LOW HITPOINT WARNING * * *
The hound bites you but does no damage.
You miss the adder. The adder bites you but does no damage.
The hound closely misses you. The adder barely misses you.
You closely miss the adder. The hound misses you. The adder closely misses you.
The hound bites you but does no damage.
You barely miss the adder. The adder bites you.
You die...

#..≈≈≈≈≈≈≈≈≈≈.
#..≈≈ ≈≈≈≈≈≈≈
#...≈≈≈≈≈≈≈≈
#....≈≈≈≈≈≈
#...P.♣≈≈. .
#.....PP. ...
##.#...S##.....
.......@.......
.......h.......
..............#
...........##.#
...........# #
............
......#......
......#.......


You could see a hound and an adder.

Vanquished Creatures
  A slave (D:4)
  A jelly (D:4)
  2 orc priests (D:4)
  2 orc wizards
  A centaur skeleton (D:4)
  2 hounds
  2 worker ants (D:4)
  A gnoll (D:3)
  An adder (D:2)
  3 leopard geckos
  15 orcs
  4 giant cockroaches
  9 goblins
  9 hobgoblins
  5 jackals
  3 kobolds
  A quokka (D:2)
  2 ball pythons
  10 bats
  14 frilled lizards
  9 rats
97 creatures vanquished.

Vanquished Creatures (others)
  3 fulminant prisms (D:4)
3 creatures vanquished.

Grand Total: 100 creatures vanquished

Notes
Turn   | Place    | Note
-------+----------+-------------------------------------------
     0 | D:1      | Ignatius881 the Deep Elf Conjurer began the quest for the Orb.
     0 | D:1      | Reached XP level 1. HP: 10/10 MP: 6/6
   192 | D:1      | Reached XP level 2. HP: 15/15 MP: 2/8
   362 | D:1      | Learned a level 2 spell: Searing Ray
   544 | D:1      | Reached skill level 5 in Conjurations
   785 | D:1      | Reached XP level 3. HP: 19/19 MP: 7/9
  1385 | D:2      | Found a bloodstained altar of Trog.
  1439 | D:2      | Reached XP level 4. HP: 24/24 MP: 6/11
  1991 | D:2      | Learned a level 4 spell: Iskenderun's Mystic Blast
  1996 | D:2      | Learned a level 4 spell: Fulminant Prism
  2222 | D:3      | Found a sacrificial altar of Ru.
  2685 | D:3      | Found a burning altar of Makhleb.
  2715 | D:4      | Reached XP level 5. HP: 28/28 MP: 4/13
  2841 | D:4      | Noticed Pikel
  2842 | D:4      | Noticed a slave
  2842 | D:4      | Noticed a slave
  2842 | D:4      | Noticed a slave
  2844 | D:4      | Noticed a slave
  2849 | D:4      | Killed a slave
  2864 | D:4      | Paralysed by Pikel for 6 turns
  3096 | D:4      | Reached skill level 6 in Conjurations
  3206 | D:4      | Noticed Eustachio
  3470 | D:4      | Found a glowing golden altar of the Shining One.
  3562 | D:4      | Reached XP level 6. HP: 32/32 MP: 9/15
  3876 | D:4      | Reached skill level 5 in Spellcasting
  4119 | D:5      | Entered Level 5 of the Dungeon
  4141 | D:5      | HP: 1/32 [adder (2)]
  4144 | D:5      | Slain by an adder

Skill      XL: |  1  2  3  4  5  6 |
---------------+-------------------+-----
Conjurations   | 5 6 |  6.9
Dodging        | 3 4 |  4.7
Spellcasting   | 4 5 |  5.2
Stealth        | |  2.4

Action                   |  1- 3 |  4- 6 || total
-------------------------+-------+-------++-------
Melee: Dagger            |       |    21 ||    21
 Cast: Magic Dart        |    70 |    88 ||   158
       Searing Ray       |     2 |    15 ||    17
       Fulminant Prism   |       |     3 ||     3
  Use: Scroll            |     2 |     1 ||     3
  Eat: Chunk             |     1 |     8 ||     9
       Ration            |       |     1 ||     1
Armor: Robe              |     3 |    10 ||    13
Dodge: Dodged            |    30 |    58 ||    88
